 Dungeon Crawl Stone Soup version 0.28.0-49-g6dfe1f597d (webtiles) character file.

Game seed: 2241337756547170843

198 Zeld the Magician (level 5, -2/28 HPs)
             Began as a Deep Elf Fire Elementalist on May 19, 2022.
             Slain by a wyvern zombie (7 damage)
             ... on level 4 of the Dungeon.
             The game lasted 00:03:05 (3894 turns).

Zeld the Magician (Deep Elf Fire Elementalist)      Turns: 3894, Time: 00:03:05

Health: -2/28      AC:  4    Str:  5    XL:     5   Next: 47%
Magic:  6/14       EV: 13    Int: 22    God:
Gold:   141        SH:  0    Dex: 15    Spells: 7/14 levels left

rFire   . . .      SeeInvis .   (no weapon)
rCold   . . .      Faith    .   (no shield)
rNeg    . . .      Spirit   .   a - +0 robe
rPois   .          Reflect  .   (no helmet)
rElec   .          Harm     .   d - +0 cloak
rCorr   .          Rampage  .   (no gloves)
Will    .....                   h - +0 pair of boots
Stlth   ++........              (no amulet)
HPRegen 0.09/turn               (no ring)
MPRegen 0.14/turn               (no ring)

@: no status effects
A: no striking features
a: no special abilities


You were on level 4 of the Dungeon.
You visited 1 branch of the dungeon, and saw 4 of its levels.

You collected 141 gold pieces.

Inventory:

Armour
 a - a +0 robe (worn)
 d - a +0 cloak (worn)
 h - a +0 pair of boots (worn)
Scrolls
 b - a scroll of summoning {unknown}
 c - 2 scrolls of noise {unknown}
 e - 3 scrolls of identify {unknown}
 f - a scroll of brand weapon {unknown}
 g - a scroll of fog {unknown}
 i - a scroll of vulnerability {unknown}
 j - a scroll of holy word {unknown}
 l - a scroll of blinking {unknown}
Potions
 k - a potion of might {unknown}
 m - a potion of curing {unknown}


   Skills:
 + Level 3.5 Dodging
 - Level 2.4 Stealth
 * Level 5.1 Spellcasting
 + Level 2.4 Conjurations
 * Level 4.8 Fire Magic


You had 7 spell levels left.
You knew the following spells:

 Your Spells              Type           Power      Damage    Failure   Level
a - Foxfire               Conj/Fire      84%        2x1d8     2%          1
b - Scorch                Fire           52%        2d7       1%          2
c - Flame Wave            Conj/Fire      21%        2d7       22%         4

Your spell library contained the following spells:

 Spells                   Type           Power      Damage    Failure   Level
 Conjure Flame            Conj/Fire      21%        6-21      7%          3
 Inner Flame              Hex/Fire       16%        N/A       11%         3
 Gell's Gravitas          Tloc           5%         N/A       30%         3
 Lesser Beckoning         Tloc           5%         N/A       30%         3
 Teleport Other           Tloc           5%         N/A       30%         3
 Freezing Cloud           Conj/Ice/Air   4%         6-21      89%         5
 Simulacrum               Ice/Necr       2%         N/A       100%        6
 Polar Vortex             Ice            2%         N/A       100%        9


Dungeon Overview and Level Annotations

Branches:
Dungeon (4/15)
 Temple: D:4-7

Altars:
Hepliaklqana
Makhleb
Uskayaw
Xom
The Shining One


Message History

A quokka comes into view.
A quokka is nearby!
A quokka is nearby!
Casting: Scorch (safe; 1% risk of failure)
Confirm with . or Enter, or press ? or * to list all spells.
Flames lash the quokka.
You kill the quokka!
Magic restored.
A wyvern zombie comes into view.
Found a stone staircase leading down.
A wyvern zombie is nearby!
A wyvern zombie is nearby!
A wyvern zombie is nearby!
You completely miss the wyvern zombie. The wyvern zombie bites you!
Casting: Scorch (safe; 1% risk of failure)
Confirm with . or Enter, or press ? or * to list all spells.
Flames lash the wyvern zombie.
The wyvern zombie is lightly damaged.
The wyvern zombie's fire resistance burns away.
The wyvern zombie bites you!
Casting: Scorch (safe; 1% risk of failure)
Confirm with . or Enter, or press ? or * to list all spells.
Flames lash the wyvern zombie.
The wyvern zombie is burned terribly!
The wyvern zombie is moderately damaged.
The wyvern zombie closely misses you. The wyvern zombie bites you!
* * * LOW HITPOINT WARNING * * *
Unknown command.
Casting: Scorch (safe; 1% risk of failure)
Confirm with . or Enter, or press ? or * to list all spells.
Flames lash the wyvern zombie.
The wyvern zombie is burned terribly!
The wyvern zombie is severely damaged.
The wyvern zombie misses you.
Unknown command.
Casting: Scorch (safe; 1% risk of failure)
Confirm with . or Enter, or press ? or * to list all spells.
Flames lash the wyvern zombie.
The wyvern zombie is burned terribly!
The wyvern zombie is almost destroyed.
An endoplasm comes into view.
The wyvern zombie bites you!
You die...

##..... .......
....... .......
....... .>.....
.......###########
.......@.........#
J.....Z#########.#
....... #.#
....... #.#
....... #.#
....... #####.###
.#..... #.......#
###### #.#######
#.#


You could see a wyvern zombie (combustible) and an endoplasm.

Vanquished Creatures
  A scorpion (D:2)
  Jessica (D:2)
  3 gnolls (D:3)
  5 adders
  A worm (D:3)
  A dart slug (D:2)
  An orc (D:3)
  4 endoplasms
  A giant cockroach (D:2)
  4 hobgoblins
  2 quokkas
  4 ball pythons
  3 bats
  3 frilled lizards
  4 goblins
  3 kobolds (D:1)
  3 rats (D:3)
44 creatures vanquished.

Vanquished Creatures (others)
  88 foxfires
88 creatures vanquished.

Grand Total: 132 creatures vanquished

Notes
Turn   | Place    | Note
-------+----------+-------------------------------------------
     0 | D:1      | Zeld the Deep Elf Fire Elementalist began the quest for the
                  | Orb.
     0 | D:1      | Reached XP level 1. HP: 10/10 MP: 6/6
   716 | D:1      | Found a faded altar of an unknown god.
   820 | D:1      | Reached XP level 2. HP: 15/15 MP: 2/8
   823 | D:1      | Learned a level 2 spell: Scorch
  1487 | D:2      | Reached XP level 3. HP: 14/19 MP: 2/10
  1810 | D:2      | Noticed Jessica
  1816 | D:2      | Killed Jessica
  1817 | D:2      | Reached skill level 4 in Spellcasting
  2042 | D:2      | Reached XP level 4. HP: 20/24 MP: 7/12
  2199 | D:2      | Noticed a scorpion
  2203 | D:2      | Killed a scorpion
  2209 | D:2      | Learned a level 4 spell: Flame Wave
  2503 | D:2      | Reached XP level 5. HP: 28/28 MP: 9/14
  2786 | D:3      | Reached skill level 5 in Spellcasting
  3399 | D:3      | Found a glowing golden altar of the Shining One.
  3405 | D:3      | Found a shimmering altar of Xom.
  3408 | D:3      | Found a hide-covered altar of Uskayaw.
  3408 | D:3      | Found a burning altar of Makhleb.
  3429 | D:3      | Found a hazy altar of Hepliaklqana.
  3894 | D:4      | Slain by a wyvern zombie

Illustrated notes

Levels and vault maps discovered:
D:1:      erik_arrival_cave_to_civilisation [erik_arrival_cave_to_temple],
          layout_basic, shapermc_ecumenical_altar_notcrosses
D:2:      layout_basic, uniq_jessica
D:3:      layout_basic, nicolae_overflow_hallway_of_the_gods
D:4:      layout_basic, minmay_temple_entry_mist, minmay_manual_mares

Skill      XL: |  1  2  3  4  5 |
---------------+----------------+-----
Dodging        | 3 |  3.5
Spellcasting   | 4 5 |  5.1
Fire Magic     | 4 |  4.8
Conjurations   | 2 |  2.4
Stealth        | |  2.4

Action                   |  1- 3 |  4- 6 || total
-------------------------+-------+-------++-------
Melee: Unarmed           |     6 |     2 ||     8
 Cast: Foxfire           |    56 |       ||    56
       Scorch            |    11 |    35 ||    46
Armor: Robe              |     8 |     2 ||    10
Dodge: Dodged            |    17 |     5 ||    22
